 Dungeon Crawl Stone Soup version 0.21.1-1-g345015fe64 (webtiles) character file.

485 kkklubsman the Scratcher (level 6, -15/22 HPs)
             Began as a Felid Transmuter on June 30, 2018.
             Was a Follower of Hepliaklqana.
             Demolished by Hawk2021's ghost (20 damage)
             ... on level 5 of the Dungeon.
             The game lasted 00:30:47 (8449 turns).

kkklubsman the Scratcher (Felid Transmuter)         Turns: 8449, Time: 00:30:48

Health: -15/22     AC:  2    Str:  6    XL:     6   Next: 88%
Magic:  11/13      EV: 23    Int: 16    God:    Hepliaklqana [*.....]
Gold:   285        SH:  0    Dex: 22    Spells: 4/13 levels left
                                        Lives:  0   Deaths: 2

rFire    . . .     SeeInvis +     - Unarmed
rCold    . . .     Gourm    .   (shield unavailable)
rNeg     . . .     Faith    .   (armour unavailable)
rPois    x         Spirit   .   (helmet unavailable)
rElec    .         Reflect  .   (cloak unavailable)
rCorr    .         Harm     .   (gloves unavailable)
MR       .....                  (boots unavailable)
Stlth    +++.......             f - amulet of magic regeneration
HPRegen  0.07/turn              (no ring)
MPRegen  0.38/turn              (no ring)

@: spider-form, very slightly contaminated
A: tiny, no armour, no weapons or thrown items, stealth, reduced essence, see
invisible, carnivore, slow metabolism 1
a: End Transformation, Recall Ancestor, Ancestor Identity, Renounce Religion


You were on level 5 of the Dungeon.
You worshipped Hepliaklqana.
Hepliaklqana was aware of your devotion.
You were not hungry.
You were a venomous arachnid creature.
You visited 1 branch of the dungeon, and saw 5 of its levels.

You collected 285 gold pieces.

Inventory:

Missiles
 a - 68 arrows
Jewellery
 f - an amulet of magic regeneration (around neck)
Wands
 h - a wand of polymorph (12)
Scrolls
 d - 6 scrolls of teleportation
 e - 2 scrolls of blinking
 g - 3 scrolls of immolation
 i - a scroll of enchant armour
 l - 2 scrolls of enchant weapon
 n - a scroll of fog {unknown}
 q - a scroll of identify
 s - a scroll of remove curse {unknown}
Potions
 j - 2 potions of haste {unknown}
 k - 2 potions of flight {unknown}
 o - a potion of ambrosia {unknown}
 p - a potion of curing
 r - a potion of might
Books
 b - a book of Changes

   Spells                             Type                      Level
   a - Beastly Appendage              Transmutation                1
   b - Sticks to Snakes               Transmutation                2
   c - Spider Form                    Transmutation/Poison         3
   d - Ice Form                       Ice/Transmutation            4
   e - Blade Hands                    Transmutation                5
 m - a book of Misfortune

   Spells                             Type                      Level
   a - Confusing Touch                Hexes                        1
   b - Confuse                        Hexes                        3
   c - Gell's Gravitas                Translocation                3
   d - Petrify                        Transmutation/Earth          4
   e - Metabolic Englaciation         Hexes/Ice                    5
   f - Yara's Violent Unravelling     Hexes/Transmutation          5
Comestibles
 c - 11 rations


   Skills:
 + Level 1.4 Fighting
 + Level 4.2 Dodging
 + Level 4.9 Stealth
 + Level 5.8 Unarmed Combat
 * Level 4.4 Spellcasting
 * Level 4.6 Transmutations
 + Level 0.1 Ice Magic
 + Level 2.2 Poison Magic


You had 4 spell levels left.
You knew the following spells:

 Your Spells              Type           Power        Failure   Level  Hunger
b - Sticks to Snakes      Tmut           ###.....     12%         2    ##.....
c - Spider Form           Tmut/Pois      ##........   28%         3    ###....
d - Ice Form              Ice/Tmut       ##......     73%         4    ####...


Dungeon Overview and Level Annotations

Branches:
Dungeon (5/15)
 Temple: D:4-7

Altars:
Dithmenos
Elyvilon
Hepliaklqana
Makhleb
Wu Jian
Xom
The Shining One

Annotations:
D:3 Natasha
D:5 Hawk2021's ghost, novice HOFi


Innate Abilities, Weirdness & Mutations

You cannot wear armour.
You are incapable of wielding weapons or throwing items.
Your paws allow you to move quietly. (Stealth)
((You have sharp claws.))
((You have razor-sharp teeth.))
You have supernaturally acute eyesight. (SInv)
You are carnivorous and can eat meat at any time.
((You cover ground quickly.))
((You are covered in thick fur. (AC +2)))
You have a slow metabolism.
((Your sharp claws are effective at attacking unaware monsters.))
Your life essence is reduced to manifest your ancestor. (-10% HP)


Message History

You hit the adder.
The adder is poisoned.
The adder is lightly wounded.
The jackal completely misses you. The adder completely misses you.
The leopard gecko barely misses you. The quokka completely misses you.
The jackal completely misses you.
You bite the leopard gecko!
You kill the leopard gecko!
The adder barely misses you.
The leopard gecko completely misses you.
The quokka completely misses you. The jackal barely misses you.
The quokka barely misses you. The adder barely misses you.
The jackal completely misses you. The quokka closely misses you.
The jackal completely misses you.
The adder looks more healthy.
The quokka completely misses you. The quokka closely misses you.
Hawk2021's ghost hits you.
* * * LOW HITPOINT WARNING * * *
The leopard gecko misses you. The jackal completely misses you.
Hawk2021's ghost hits you!!
Ouch! That really hurt!
You die...

..#...!....##
.........#..#
.##.........########
.###...............#
.# #..##...........#
......##...........#
.###.####......Or..#
... #......hWSl#
#..# #....[..s..#
?#.. ###.########
>... ### # # .


You could see an ogre, Hawk2021's ghost, an adder, a leopard gecko, a quokka and
a jackal.

Vanquished Creatures
  A sky beast (D:5)
  3 ogres
  A phantom (D:4)
  A necrophage (D:5)
  A centaur skeleton (D:4)
  A hound (D:4)
  An orc priest (D:3)
  4 orc wizards
  Jessica (D:3)
  Natasha (twice) (D:3)
  2 worker ants
  5 adders
  3 gnolls (D:2)
  An ooze (D:2)
  An adder skeleton (D:4)
  A worm (D:3)
  A dart slug (D:2)
  7 leopard geckos
  4 orcs
  5 giant cockroaches (D:3)
  7 goblins
  6 hobgoblins
  12 jackals
  3 quokkas
  2 ball pythons
  6 bats
  2 frilled lizards (D:2)
  6 kobolds
  A quokka skeleton (D:4)
  8 rats
  A rat zombie (D:4)
100 creatures vanquished.

Vanquished Creatures (collateral kills)
  A bullfrog skeleton (D:5)
  A centaur skeleton (D:4)
  2 orcs
  A jackal (D:5)
  A goblin zombie (D:4)
6 creatures vanquished.

Vanquished Creatures (others)
  2 ancestors (D:5)
2 creatures vanquished.

Grand Total: 108 creatures vanquished

Notes
Turn   | Place    | Note
-------+----------+-------------------------------------------
     0 | D:1      | kkklubsman the Felid Transmuter began the quest for the Orb.
     0 | D:1      | Reached XP level 1. HP: 9/9 MP: 4/4
   337 | D:1      | Reached XP level 2. HP: 10/12 MP: 3/6
   341 | D:1      | Learned a level 2 spell: Sticks to Snakes
   831 | D:2      | Found a burning altar of Makhleb.
   897 | D:2      | Noticed an ogre
   977 | D:2      | Reached skill level 1 in Stealth
   977 | D:2      | Reached XP level 3. HP: 15/15 MP: 5/7
   985 | D:2      | Learned a level 3 spell: Spider Form
  1397 | D:2      | Noticed an ogre
  1620 | D:2      | Killed an ogre
  1620 | D:2      | Reached skill level 4 in Unarmed Combat
  1620 | D:2      | Reached XP level 4. HP: 19/19 MP: 3/9
  1620 | D:2      | Reached XP level 5. HP: 22/22 MP: 3/10
  1844 | D:2      | Learned a level 4 spell: Ice Form
  1924 | D:2      | Killed an ogre
  1924 | D:2      | Reached skill level 1 in Poison Magic
  2905 | D:2      | Gained mutation: You are covered in thick fur. (AC +2) [Felid growth]
  2905 | D:2      | Reached XP level 6. HP: 22/25 MP: 10/12
  3062 | D:3      | Noticed Jessica
  3752 | D:3      | Noticed Natasha
  3774 | D:3      | Killed Natasha
  5179 | D:3      | Noticed Natasha
  5189 | D:3      | Killed Natasha
  5561 | D:3      | Found a hazy altar of Hepliaklqana.
  5565 | D:3      | Became a worshipper of Hepliaklqana the Forgotten
  6360 | D:4      | HP: 1/22 [phantom (10)]
  6396 | D:3      | Noticed Natasha
  6397 | D:3      | Slain by Natasha
  6398 | D:3      | Reached XP level 5. HP: -3/19 MP: 11/11
  6426 | D:3      | Killed Jessica
  6426 | D:3      | Reached XP level 6. HP: 22/22 MP: 9/12
  7015 | D:4      | Reached skill level 5 in Unarmed Combat
  7591 | D:5      | Entered Level 5 of the Dungeon
  7591 | D:5      | Found a glowing golden altar of the Shining One.
  7615 | D:5      | Found a shadowy altar of Dithmenos.
  7621 | D:5      | Reached XP level 7. HP: 18/25 MP: 14/14
  7625 | D:5      | Noticed Hawk2021's ghost (novice HOFi)
  7631 | D:5      | Found a white marble altar of Elyvilon.
  7831 | D:5      | Found an ornate altar of the Wu Jian Council.
  7832 | D:5      | Found a shimmering altar of Xom.
  7850 | D:5      | Reached * piety under Hepliaklqana
  8004 | D:5      | Mangled by Hawk2021's ghost
  8005 | D:5      | Reached XP level 6. HP: -7/26 MP: 13/13
  8247 | D:5      | Noticed a sky beast
  8265 | D:5      | Killed a sky beast
  8449 | D:5      | Demolished by Hawk2021's ghost

Skill      XL: |  1  2  3  4  5  6  7 |
---------------+----------------------+-----
Stealth        | 1 2 4 |  4.9
Dodging        | 3 4 |  4.2
Unarmed Combat | 4 5 |  5.8
Spellcasting   | 3 4 |  4.4
Transmutations | 3 4 |  4.6
Poison Magic   | 1 2 |  2.2
Fighting       | |  1.4
Ice Magic      | |  0.1

Action                   |  1- 3 |  4- 6 |  7- 9 || total
-------------------------+-------+-------+-------++-------
Melee: Unarmed           |    76 |   212 |    24 ||   312
       Headbutt          |     7 |     1 |       ||     8
       Bite              |     1 |     1 |       ||     2
       Punch             |     1 |       |       ||     1
 Cast: Beastly Appendage |    14 |     1 |       ||    15
       Sticks to Snakes  |     3 |       |       ||     3
       Spider Form       |     7 |    36 |     6 ||    49
       Ice Form          |       |     3 |     1 ||     4
Invok: Recall Ancestor   |       |     5 |       ||     5
       Ancestor Identity |       |     1 |       ||     1
  Use: Scroll            |     5 |     6 |       ||    11
       Potion            |     1 |       |       ||     1
 Stab: Sleeping          |     2 |    11 |       ||    13
       Distracted        |       |     3 |     1 ||     4
  Eat: Chunk             |     6 |    13 |     2 ||    21
       Ration            |     1 |       |       ||     1
Armor: Skin              |     1 |    10 |     1 ||    12
Dodge: Dodged            |    64 |   216 |    26 ||   306
